 Dungeon Crawl Stone Soup version 0.24-a0-654-g80d7c3d (webtiles) character file.

Game seed: 15980143771126268488, levelgen mode: deterministic

15 Bapo the Sneak (level 2, -1/19 HPs)
             Began as an Octopode Assassin on Sept 27, 2019.
             Slain by an ooze (2 damage)
             ... on level 1 of the Dungeon.
             The game lasted 00:00:17 (30 turns).

Bapo the Sneak (Octopode Assassin)                    Turns: 30, Time: 00:00:18

Health: -1/19      AC:  1    Str: 10    XL:     2   Next: 50%
Magic:  2/2        EV: 13    Int: 13    God:
Gold:   0          SH:  0    Dex: 13    Spells: 1/1 levels left

rFire    . . .     SeeInvis .   a - +2 dagger
rCold    . . .     Gourm    .   (no shield)
rNeg     . . .     Faith    .   (helmet restricted)
rPois    .         Spirit   .   (no amulet)
rElec    .         Reflect  .   (no ring)
rCorr    .         Harm     .   (no ring)
MR       .....                  (no ring)
Stlth    ++++......             (no ring)
HPRegen  0.06/turn              (no ring)
MPRegen  0.08/turn              (no ring)
                                (no ring)
                                (no ring)

@: no status effects
A: almost no armour, stealthy swim, amphibious, 8 rings, constrict 8, camouflage
1, gelatinous body 1
a: no special abilities


You were on level 1 of the Dungeon.
You were not hungry.

You visited 1 branch of the dungeon, and saw 1 of its levels.

Inventory:

Hand Weapons
 a - a +2 dagger (weapon)
Missiles
 b - 8 poisoned darts (quivered)
 c - 2 curare-tipped darts
Comestibles
 d - a ration


   Skills:
 - Level 2.0 Fighting
 + Level 3.0 Short Blades
 - Level 2.0 Throwing
 - Level 1.0 Dodging
 - Level 5.3 Stealth


You had one spell level left.
You didn't know any spells.
Your spell library was empty.

Dungeon Overview and Level Annotations

Branches:
Dungeon (1/15)

Altars:


Innate Abilities, Weirdness & Mutations

You cannot wear most types of armour.
You are very stealthy in the water. (Stealth+)
You are amphibious.
You can wear up to eight rings at the same time.
You can use your tentacles to constrict eight enemies at once.
Your skin changes colour to match your surroundings (Stealth+).
Your rubbery body absorbs attacks. (AC +1, EV +1)


Message History

You hit the ooze. You squeeze the ooze.
The ooze is severely wounded.
The ooze hits you. The rat bites you.
You hit the ooze.
The ooze is almost dead.
The ooze hits you.
* * * LOW HITPOINT WARNING * * *
The rat closely misses you.
You hit the ooze. You squeeze the ooze.
You kill the ooze!
Your Short Blades skill increases to level 3!
You hit the ooze but do no damage. The rat bites you.
* * * LOW HITPOINT WARNING * * *
The ooze barely misses you.
You barely miss the ooze. The rat closely misses you.
The ooze barely misses you.
You hit the ooze.
The ooze is lightly wounded.
The rat closely misses you. The ooze hits you.
You die...

###+#######+###
#..⌠...>...⌠..#
#......<......#
+⌠....###....⌠+
#......@r.....#
#######J#######
#......r......#
#.............#
#.............#
###############


You could see an ooze and 2 rats.

Vanquished Creatures
  2 oozes (D:1)
  A giant cockroach (D:1)
  A goblin (D:1)
  A jackal (D:1)
  3 rats (D:1)
8 creatures vanquished.

Notes
Turn   | Place    | Note
-------+----------+-------------------------------------------
     0 | D:1      | Bapo the Octopode Assassin began the quest for the Orb.
     0 | D:1      | Reached XP level 1. HP: 14/14 MP: 1/1
     1 | D:1      | Found a runed translucent door.
    20 | D:1      | Reached XP level 2. HP: 15/19 MP: 2/2
    30 | D:1      | Slain by an ooze

Levels and vault maps discovered:
D:1:      dpeg_arrival_caged_fury, layout_basic, nrook_mini_vaults,
          minivault_24, minmay_statues_item

Skill      XL: |  1  2 |
---------------+-------+-----
Short Blades   | 3 |  3.0
Fighting       | |  2.0
Throwing       | |  2.0
Dodging        | |  1.0
Stealth        | |  5.3

Action                   || total
-------------------------++-------
Melee: Dagger            ||    21
       Tentacles         ||     6
       Constrict         ||     3
 Stab: Sleeping          ||     1
Dodge: Dodged            ||    11

Table legend:
 A = Non-vault XP
 B = Vault XP
 C = Vault XP percentage of total XP
 D = Non-vault monster count
 E = Vault monster count
 F = Vault count percentage of total count
                 A         B        C        D         E       F
            +---------+---------+-------+---------+---------+-------
      Total |       2 |      20 |  90.9 |       1 |       7 |  87.5
            +---------+---------+-------+---------+---------+-------
        D:1 |       2 |      20 |  90.9 |       1 |       7 |  87.5
            +---------+---------+-------+---------+---------+-------
